Map: Tryton ER

Players

kers - Winner!

  • Race: Protoss Protoss
  • League: Platinum
  • Spawn Location: 11:00

VOD

Have the link to the VOD?

Description

Time

  • Played on: March 3, 2020, 3:23 p.m.
  • Length: 4:46
Show
View Real Time Build Order
Export as new Build Order

kers Protoss - Winner!

Build Orders: 1 Gate Expand 

Get SALT Encoding   

    0:03  Unknown  
    0:29  Pylon  
    0:50  Gateway  
    0:51  Gateway  
    1:18  Nexus  
    1:21  Unknown  
    1:39  Pylon  
    1:58  Gateway  
    2:00  Gateway  
    2:03  Gateway  
    2:16  Pylon  
    2:20  Pylon  
    2:34  Pylon  
    2:39  Gateway  
    2:54  Pylon  
    2:57  Gateway  
    2:59  Gateway  
    3:12  Pylon  
    3:14  Pylon  
    3:23  Pylon  
    3:32  Gateway  
    3:34  Gateway  
    3:37  Gateway  
    4:31  Zealot  
    4:36  Cybernetics Core  
Tags
 
Add a new tag
Caveats
  • Supply blocks, unpowered buildings, or Contaminate may cause inaccurate times.
  • Supply counts are checked every 10 seconds.